 Dungeon Crawl Stone Soup version 0.30-b1-2-g02819fbbbe (webtiles) character file.

Game seed: 969943972440967508

2448 Ashen the Trooper (level 9, 0/93 HPs)
             Began as an Ogre Summoner on Aug 9, 2023.
             Killed from afar by Maggie (26 damage)
             ... with a bolt of fire
             ... on level 6 of the Dungeon on Aug 11, 2023.
             The game lasted 00:23:51 (8450 turns).

Ashen the Trooper (Ogre Summoner)                   Turns: 8450, Time: 00:23:51

Health: 0/93       AC:  3    Str: 26    XL:     9   Next: 49%
Magic:  10/18      EV: 11    Int: 20    God:
Gold:   330        SH:  0    Dex:  9    Spells: 12/21 levels left

rFire   . . .        A - +2 dagger (venom)
rCold   . . .        (no shield)
rNeg    . . .        a - +0 robe
rPois   .            (helmet restricted)
rElec   .            y - scarf {shadows}
rCorr   .            (gloves unavailable)
SInv    .            (boots unavailable)
Will    .....        (no amulet)
Stlth   +            o - +6 ring of strength
HPRegen 0.35/turn    x - +6 ring of strength
MPRegen 0.16/turn

%: no passive effects
@: no status effects
A: large, unfitting armour, tough skin 1
a: no special abilities


You were on level 6 of the Dungeon.
You visited 1 branch of the dungeon, and saw 6 of its levels.
You also visited: Ossuary.

You collected 330 gold pieces.

Inventory:

Hand Weapons
 d - a +0 flail
 n - a +2 short sword of electrocution
 A - a +2 dagger of venom (weapon)
Armour
 a - a +0 robe (worn)
 y - a scarf of shadows (worn)
Jewellery
 o - a +6 ring of strength (left hand)
 x - a +6 ring of strength (right hand)
Wands
 w - a wand of quicksilver (12)
 C - a wand of flame (20)
Scrolls
 f - 9 scrolls of teleportation
 h - a scroll of fear {unknown}
 i - 3 scrolls of fog {unknown}
 j - a scroll of poison
 l - 3 scrolls of amnesia {unknown}
 p - a scroll of blinking
 q - a scroll of butterflies {unknown}
 t - 3 scrolls of magic mapping {unknown}
 v - 3 scrolls of noise {unknown}
 B - 2 scrolls of identify
Potions
 b - 2 potions of magic
 c - a potion of invisibility
 e - 3 potions of heal wounds {unknown}
 g - a potion of haste {unknown}
 m - 2 potions of flight {unknown}
 r - a potion of attraction
 s - a potion of resistance
 u - a potion of brilliance {unknown}
 z - a potion of mutation
 D - a potion of degeneration {unknown}


   Skills:
 + Level 7.1 Fighting
 + Level 4.9 Maces & Flails
 + Level 5.3 Dodging
 - Level 1.4 Stealth
 + Level 6.6 Spellcasting
 + Level 6.2 Summonings


You had 12 spell levels left.
You knew the following spells:

 Your Spells              Type           Power      Damage    Failure   Level
a - Summon Small Mammal   Summ           100%       N/A       1%          1
b - Call Imp              Summ           62%        N/A       1%          2
c - Call Canine Familiar  Summ           31%        N/A       2%          3
d - Summon Guardian Gole  Hex/Summ       19%        N/A       9%          3

Your spell library contained the following spells:

 Spells                   Type           Power      Damage    Failure   Level
 Beastly Appendage        Tmut           12%        N/A       10%         1
 Wereblood                Tmut           6%         N/A       16%         2
 Summon Lightning Spire   Summ/Air       19%        N/A       26%         4
 Spider Form              Tmut/Pois      6%         N/A       30%         3
 Chain Lightning          Conj/Air       3%         3d4       100%        9
 Fire Storm               Conj/Fire      3%         8d1       100%        9
 Shatter                  Erth           3%         3d7*      100%        9


Dungeon Overview and Level Annotations

Branches:
Dungeon (6/15)            Ossuary (visited)
 Temple: D:4-7

Altars:
Makhleb
Vehumet

Annotations:
D:4 2 transporters
D:6 Maggie


Innate Abilities, Weirdness & Mutations

You are too large for most types of armour.
You have tough skin. (AC +1)


Message History

Casting: Call Canine Familiar (mildly dangerous; 2% risk of failure)
Confirm with . or Enter, or press ? or * to list all spells.
A guardian golem appears, shielding your allies.
Your hound bites Maggie but does no damage.
Maggie gestures at you while chanting. The bolt of fire hits your hound!
The bolt of fire hits you!!
Your hound bites Maggie.
Maggie barely misses your hound.
Your hound bites Maggie but does no damage.
Your hound barely misses Maggie.
Maggie hits your hound with a +1 morningstar of flaming!
Maggie burns your hound.
Your hound dies!
Your hound's corpse disappears in a puff of smoke!
Casting: Summon Guardian Golem (dangerous; 9% risk of failure)
Confirm with . or Enter, or press ? or * to list all spells.
Maggie barely misses your guardian golem.
Maggie casts a spell.
Maggie attempts to bespell you! You resist with almost no effort.
Maggie says, "Fear not.
I will immortalize you in the tale of my first kill."
Maggie hits your guardian golem but does no damage.
Maggie hits your guardian golem with a +1 morningstar of flaming.
Maggie hits your guardian golem but does no damage.
Maggie hits your guardian golem with a +1 morningstar of flaming.
Maggie gestures at you while chanting.
The bolt of fire hits your guardian golem!
Your guardian golem resists.
The bolt of fire hits your hound! The bolt of fire hits you!!
* * * LOW HITPOINT WARNING * * *
Maggie hits your guardian golem with a +1 morningstar of flaming!
Maggie burns your guardian golem.
Your guardian golem overheats!
Maggie points at you and mumbles some strange words.
The bolt of fire hits your guardian golem!
Your guardian golem resists.
Your guardian golem disappears in a puff of smoke!
The bolt of fire hits your hound!!
Your hound dies!
Your hound's corpse disappears in a puff of smoke!
The bolt of fire hits you!!
You die...

..# #............# ..#
#....#.#.....##.# #.#
##...#.#........# #.#
##........#@# #.#
#......##.#§####
#.###.###.#....§...#
#.....# #.#.#.#.##.#
#####.###.....#.##.##..
#.....#.###.@......
#######.....# #########
...# #...### ##.# #####
#.# #.# #.### #...#
###.#


There were no monsters in sight!

Vanquished Creatures
  Pikel (D:6)
  A lemure (D:6)
  A kobold brigand (D:6)
  A bullfrog (D:6)
  An elf zombie (D:5)
  3 scorpions
  An elf skeleton (D:5)
  A crimson imp (D:5)
  3 hounds
  A human skeleton (D:5)
  An orc wizard (D:4)
  An iguana (D:3)
  A nameless horror (D:3)
  A mummy (Ossuary)
  2 adders
  2 adder zombies (Ossuary)
  8 orcs
  A bat (D:2)
  An endoplasm (D:2)
  3 giant cockroaches
  A gnoll zombie (Ossuary)
  5 goblins
  4 hobgoblins
  2 jackals (D:1)
  4 quokkas
  3 ball pythons
  3 frilled lizards
  A hobgoblin zombie (Ossuary)
  10 kobolds
  An orc skeleton (D:5)
  3 orc zombies
  6 rats
78 creatures vanquished.

Vanquished Creatures (collateral kills)
  Edmund (D:5)
  A black bear (D:6)
  An ogre (D:6)
  A phantom (D:5)
  An elf zombie (D:5)
  A scorpion (D:5)
  4 water moccasin zombies (Ossuary)
  A hound (D:6)
  Jessica (D:3)
  An iguana (D:5)
  An orc wizard (D:4)
  A mummy (Ossuary)
  5 gnolls
  2 adders
  A white imp (D:5)
  4 adder zombies (Ossuary)
  A dart slug (D:2)
  10 orcs
  2 ball pythons (D:4)
  An endoplasm (D:2)
  A giant cockroach (D:3)
  A goblin (D:2)
  A hobgoblin (D:3)
  A quokka (D:3)
  4 gnoll zombies (Ossuary)
  A hobgoblin zombie (Ossuary)
  8 kobold zombies (Ossuary)
  3 orc zombies (Ossuary)
61 creatures vanquished.

Vanquished Creatures (others)
  A steam dragon (D:6)
  A lemure (D:6)
  A gnoll sergeant (D:6)
  A water moccasin zombie (Ossuary)
  Terence (D:3)
  5 gnolls (D:6)
  A kobold (D:6)
  2 kobold zombies (Ossuary)
  An orc zombie (Ossuary)
  A bush (D:4)
  5 plants (D:1)
20 creatures vanquished.

Grand Total: 159 creatures vanquished

Notes
Turn   | Place    | Note
-------+----------+-------------------------------------------
     0 | D:1      | Ashen the Ogre Summoner began the quest for the Orb.
     0 | D:1      | Reached XP level 1. HP: 16/16 MP: 3/3
   404 | D:1      | Reached XP level 2. HP: 24/26 MP: 5/5
   407 | D:1      | Learned a level 2 spell: Call Imp
   641 | D:1      | Reached skill level 1 in Fighting
  1160 | D:2      | Reached XP level 3. HP: 32/33 MP: 7/7
  1455 | D:2      | Reached skill level 1 in Maces & Flails
  1803 | D:3      | Reached XP level 4. HP: 38/42 MP: 8/8
  1895 | D:3      | Found a faded altar of an unknown god.
  1948 | D:3      | Noticed Jessica
  1956 | D:3      | Killed Jessica
  1957 | D:3      | Reached skill level 2 in Fighting
  1961 | D:3      | Learned a level 3 spell: Call Canine Familiar
  1965 | D:3      | Learned a level 3 spell: Summon Guardian Golem
  2636 | D:3      | Reached XP level 5. HP: 49/49 MP: 10/10
  2678 | D:3      | Noticed Terence
  3253 | D:3      | Killed Terence
  3767 | D:4      | Reached skill level 3 in Fighting
  3767 | D:4      | Reached XP level 6. HP: 39/61 MP: 3/11
  4096 | D:4      | Found a transporter.
  4204 | D:4      | Found a transporter.
  4205 | D:4      | Noticed an ice beast
  4205 | D:4      | Noticed an ice beast
  4205 | D:4      | Noticed an ice beast
  4553 | D:5      | Entered Level 5 of the Dungeon
  4715 | D:5      | Reached XP level 7. HP: 46/68 MP: 8/13
  4886 | D:5      | Noticed Edmund
  4919 | D:5      | Killed Edmund
  4920 | D:5      | Reached skill level 4 in Fighting
  5149 | D:5      | Found a sand-covered staircase.
  5163 | D:5      | Reached skill level 5 in Spellcasting
  5163 | D:5      | Reached skill level 5 in Summonings
  5163 | D:5      | Reached XP level 8. HP: 52/79 MP: 15/15
  5201 | Ossuary  | Entered an ossuary
  5297 | Ossuary  | Reached skill level 5 in Fighting
  6308 | D:5      | Found a radiant altar of Vehumet.
  6309 | D:5      | Found a burning altar of Makhleb.
  6866 | D:6      | Reached skill level 6 in Fighting
  6929 | D:6      | Noticed Pikel
  7004 | D:6      | Killed Pikel
  7005 | D:6      | Reached skill level 5 in Dodging
  7005 | D:6      | Reached XP level 9. HP: 89/92 MP: 13/18
  7377 | D:6      | Reached skill level 7 in Fighting
  7809 | D:6      | Noticed Maggie
  8450 | D:6      | Killed from afar by Maggie

Illustrated notes

Levels and vault maps discovered:
D:1:      ncdulo_smallfort, layout_loops_corners, kennysheep_boxes
D:2:      layout_loops_ring, serial_aquarium, aquarium_bridge_square
          [aquarium_subvault_bridge, aquarium_subvault_wall,
          aquarium_subvault_bridge, aquarium_subvault_bridge],
          aquarium_bridge_long_joined [aquarium_subvault_balcony,
          aquarium_subvault_bridge, aquarium_subvault_wall,
          aquarium_subvault_bridge, aquarium_subvault_bridge,
          aquarium_subvault_wall], aquarium_window_1, aquarium_window_1,
          aquarium_window_corridor_1, aquarium_window_corner, aquarium_view_2c,
          aquarium_view_2f, aquarium_pool_side, chequers_serial_rivers_micro_c,
          chequers_serial_rivers_micro_e
D:3:      layout_loops_corners, nicolae_ecumenical_lake_church,
          kennysheep_generic_room_9, uniq_jessica, uniq_sigmund, uniq_terence
D:4:      gammafunk_cloud_chamber, layout_rooms, cheibrodos_gnoll_hut
D:5:      layout_basic, grunt_temple_overflow_lords_of_destruction,
          nicolae_ossuary_entry_catacombs, uniq_edmund
D:6:      layout_loops_cross, uniq_maggie, uniq_pikel

Skill      XL: |  1  2  3  4  5  6  7  8  9 |
---------------+----------------------------+-----
Fighting       | 1 2 3 4 6 7 |  7.1
Dodging        | 2 3 5 |  5.3
Maces & Flails | 1 2 3 4 |  4.9
Spellcasting   | 3 4 5 6 |  6.6
Summonings     | 4 5 6 |  6.2
Stealth        | |  1.4

Action                     |  1- 3 |  4- 6 |  7- 9 || total
---------------------------+-------+-------+-------++-------
  Melee: Flail             |    96 |   103 |   107 ||   306
         Dagger            |       |       |    94 ||    94
         Punch             |       |       |     3 ||     3
   Cast: Summon Small Mamm |     4 |     3 |     2 ||     9
         Call Imp          |     7 |     8 |    11 ||    26
         Call Canine Famil |       |    22 |    25 ||    47
         Summon Guardian G |       |     5 |    19 ||    24
    Use: Scroll            |       |     6 |     4 ||    10
         Potion            |       |       |     3 ||     3
   Stab: Sleeping          |     2 |       |     2 ||     4
         Distracted        |       |     1 |     3 ||     4
 Armour: Robe              |    33 |    26 |    36 ||    95
  Dodge: Dodged            |    64 |    67 |    86 ||   217
